 Dungeon Crawl Stone Soup version 0.19.1 (webtiles) character file.

1498 AAAAA the Carver (level 8, -1/74 HPs)
             Began as a Purple Draconian Gladiator on Dec 2, 2016.
             Was a Believer of Yredelemnul.
             Killed from afar by a white imp (6 damage)
             ... with a puff of frost
             ... summoned by Eustachio
             ... on level 5 of the Dungeon.
             The game lasted 00:10:17 (5647 turns).

AAAAA the Carver (Purple Draconian Gladiator)       Turns: 5647, Time: 00:10:18

Health: -1/74      AC:  6    Str: 18    XL:     8   Next: 52%
Magic:  8/8        EV: 13    Int:  8    God:    Yredelemnul [**....]
Gold:   278        SH:  0    Dex: 14    Spells: 0 memorised, 7 levels left

rFire  . . .     SeeInvis +     a - +2 long sword
rCold  . . .     Gourm    .     (armour unavailable)
rNeg   . . .     Faith    .     (no shield)
rPois  +         Spirit   .     b - +0 hat
rElec  .         Reflect  .     (no cloak)
rCorr  .         Harm     .     (no gloves)
MR     +....                    (no boots)
Stlth  +.........               (no amulet)
                                k - ring of poison resistance
                                u - ring of see invisible

@: no status effects
A: breathe power, unfitting armour, cold-blooded, AC +6
a: Breathe Dispelling Energy, Animate Remains, Recall Undead Slaves, Injury
Mirror, Renounce Religion


You were on level 5 of the Dungeon.
You worshipped Yredelemnul.
Yredelemnul was pleased with you.
You were hungry.

You visited 1 branch of the dungeon, and saw 5 of its levels.
You also visited: Ossuary.

You collected 278 gold pieces.

Inventory:

Hand Weapons
 a - a +2 long sword (weapon)
Missiles
 c - a throwing net (quivered)
 o - 13 poisoned needles
Armour
 b - a +0 hat (worn)
Jewellery
 k - a ring of poison resistance (right hand)
 u - a ring of see invisible (left hand)
Scrolls
 e - 4 scrolls of recharging
 h - a scroll of immolation
 m - 3 scrolls of remove curse
 p - 4 scrolls of identify
 v - a scroll of random uselessness {unknown}
 w - a scroll of teleportation
 y - a scroll of amnesia {unknown}
 D - a scroll of fog {unknown}
Potions
 i - 2 potions of curing
 l - 2 potions of invisibility
 n - 2 potions of ambrosia {unknown}
 q - 3 potions of agility
 r - 2 potions of degeneration {unknown}
 s - a potion of berserk rage {unknown}
 t - a potion of lignification {unknown}
 x - a potion of cancellation {unknown}
 z - a potion of resistance {unknown}
 A - a potion of magic {unknown}
 B - 2 potions of brilliance {unknown}
Comestibles
 d - 4 bread rations
 f - 2 fruits
 g - 2 beef jerkies
 j - 5 meat rations
 C - 2 chunks of flesh


   Skills:
 - Level 8.2 Fighting
 + Level 8.4 Long Blades
 - Level 1.7 Throwing
 - Level 2.6 Dodging


You had 7 spell levels left.
You didn't know any spells.

Dungeon Overview and Level Annotations

Branches:
Dungeon (5/15)             Temple (0/1) D:4

Altars:
Xom
Yredelemnul

Annotations:
D:5 Eustachio


Innate Abilities, Weirdness & Mutations

You can breathe bolts of dispelling energy.
Your rich purple scales are hard. (AC +6)
You cannot fit into any form of body armour.
You are cold-blooded and may be slowed by cold attacks.


Message History

* * * LOW HITPOINT WARNING * * *
The ufetubus completely misses you.
You riposte.
You hit the ufetubus but do no damage.
The ufetubus is almost dead.
The ufetubus closely misses you. The iron imp closely misses you.
You riposte.
You hit the iron imp.
Your tail-slap misses the iron imp.
The iron imp is severely wounded.
You feel better. The ufetubus hits you.
* * * LOW HITPOINT WARNING * * *
The ufetubus closely misses you.
The white imp hits you but does no damage.
The iron imp hits you but does no damage.
The ufetubus barely misses you. x2; Eustachio hits you with a rapier.
* * * LOW HITPOINT WARNING * * *
You hit Eustachio.
Eustachio is almost dead.
The white imp gestures at you. The puff of frost hits you!
You die...
Your body rises from the dead as a mindless zombie.

##### .... ###..
#.###>@5# #....†#@#
#b55# #.# ##..# ###
#.# # #..# #.. #.#
#. #..# #.# #.# #.
#..# #.# #.# #.
#..###.###.# #.# ##
##..........# #.#
#.......#######.####


You could see Eustachio, an iron imp, a white imp, an ufetubus and a bat.

Vanquished Creatures
  A human (D:2)
  Menkaure (Ossuary)
  An ice beast (D:4)
  A bullfrog (D:5)
  5 scorpions (D:4)
  A crimson imp (D:3)
  5 centaur zombies (Ossuary)
  A human zombie (Ossuary)
  2 jellies (D:4)
  3 orc wizards (D:4)
  Natasha (twice) (D:3)
  Terence (D:3)
  3 worker ants (D:4)
  6 mummies (Ossuary)
  Robin (D:2)
  5 adders
  3 gnolls (D:3)
  2 oozes (D:1)
  4 adder zombies (Ossuary)
  2 worms (D:2)
  4 dart slugs
  2 leopard geckos
  12 orcs
  6 giant cockroaches
  2 gnoll zombies (Ossuary)
  17 goblins
  10 hobgoblins
  An iguana (D:4)
  14 bats
  A frilled lizard (D:1)
  2 goblin zombies (Ossuary)
  6 hobgoblin zombies (Ossuary)
  6 kobolds
  3 kobold zombies
  5 quokka zombies (Ossuary)
  9 rats
  3 rat zombies (Ossuary)
  A fungus (D:4)
154 creatures vanquished.

Vanquished Creatures (others)
  6 fungi (D:4)
6 creatures vanquished.

Grand Total: 160 creatures vanquished

Notes
Turn   | Place    | Note
-------+----------+-------------------------------------------
     0 | D:1      | AAAAA the Draconian Gladiator began the quest for the Orb.
     0 | D:1      | Reached XP level 1. HP: 17/17 MP: 1/1
   198 | D:1      | Reached XP level 2. HP: 24/24 MP: 2/2
   408 | D:1      | Reached XP level 3. HP: 18/29 MP: 3/3
   750 | D:2      | Noticed Robin
   804 | D:2      | Killed Robin
   811 | D:2      | Reached XP level 4. HP: 23/36 MP: 4/4
   938 | D:2      | Reached skill level 5 in Long Blades
  1030 | D:2      | Found a runed door.
  1030 | D:2      | Noticed a human
  1033 | D:2      | Found a basalt altar of Yredelemnul.
  1054 | D:2      | Killed a human
  1054 | D:2      | Reached XP level 5. HP: 10/41 MP: 5/5
  1290 | D:2      | Became a worshipper of Yredelemnul the Dark
  1938 | D:3      | Noticed Natasha
  1947 | D:3      | Killed Natasha
  2193 | D:3      | Reached XP level 6. HP: 19/48 MP: 6/6
  2272 | D:3      | Noticed Natasha
  2328 | D:3      | Killed Natasha
  2799 | D:3      | Noticed Terence
  2841 | D:3      | Killed Terence
  3513 | D:4      | Found a shimmering altar of Xom.
  3650 | D:4      | Found a staircase to the Ecumenical Temple.
  3691 | D:4      | HP: 2/48 [scorpion (5)]
  3699 | D:4      | Your scales start taking on a rich purple colour.
  3699 | D:4      | Reached XP level 7. HP: 13/55 MP: 7/7
  3723 | D:4      | Found a sand-covered staircase.
  3804 | Ossuary  | Entered an ossuary
  3945 | Ossuary  | Noticed Menkaure
  4098 | Ossuary  | Reached * piety under Yredelemnul
  4621 | Ossuary  | Killed Menkaure
  4621 | Ossuary  | Reached skill level 5 in Fighting
  4778 | Ossuary  | Reached ** piety under Yredelemnul
  4866 | D:4      | Reached XP level 8. HP: 56/70 MP: 8/8
  5420 | D:5      | Entered Level 5 of the Dungeon
  5614 | D:5      | Noticed Eustachio
  5645 | D:5      | HP: 3/74 [white imp[Eustachio] (5)]
  5647 | D:5      | Killed from afar by a white imp

Skill      XL: |  1  2  3  4  5  6  7  8 |
---------------+-------------------------+-----
Long Blades    | 4 6 8 |  8.4
Fighting       | 6 8 |  8.2
Throwing       | |  1.7
Dodging        | |  2.6

Action                   |  1- 3 |  4- 6 |  7- 9 || total
-------------------------+-------+-------+-------++-------
Melee: Long sword        |    94 |   190 |   260 ||   544
       Tailslap          |    10 |    26 |    53 ||    89
Throw: Throwing net      |       |     2 |       ||     2
 Abil: Breathe Dispellin |       |       |     5 ||     5
  Use: Scroll            |       |     6 |     4 ||    10
       Potion            |       |     1 |     1 ||     2
 Stab: Sleeping          |       |     1 |     4 ||     5
       Held in net/web   |       |     1 |       ||     1
  Eat: Chunk             |       |     9 |     6 ||    15
       Beef jerky        |       |       |     1 ||     1
Armor: Skin              |    26 |    54 |    68 ||   148
Dodge: Dodged            |    66 |   120 |   205 ||   391
       Rpst.: Long sword |    23 |    36 |    52 ||   111
